 Dungeon Crawl Stone Soup version 0.30.0-29-ga12c61a403 (webtiles) character file.

Game seed: 15228925063074989495

67 jagang the Conjurer (level 4, -4/28 HPs)
             Began as an Octopode Conjurer on June 7, 2023.
             Slain by a gnoll
             ... wielding a +0 spear
              (9 damage)
             ... on level 2 of the Dungeon.
             The game lasted 00:02:44 (1690 turns).

jagang the Conjurer (Octopode Conjurer)             Turns: 1690, Time: 00:02:44

Health: -4/28      AC:  1    Str:  6    XL:     4   Next: 18%
Magic:  1/7        EV: 13    Int: 22    God:
Gold:   118        SH:  0    Dex: 10    Spells: 6/7 levels left

rFire   . . .        (no weapon)
rCold   . . .        (no shield)
rNeg    . . .        (helmet restricted)
rPois   .            (no amulet)
rElec   .            (no ring)
rCorr   .            (no ring)
SInv    .            (no ring)
Will    .....        (no ring)
Stlth   +++          (no ring)
HPRegen 0.24/turn    (no ring)
MPRegen 0.10/turn    (no ring)
                     (no ring)

%: no passive effects
@: no status effects
A: almost no armour, amphibious, 8 rings, camouflage 1, gelatinous body 1,
(nimble swimmer 1), tentacles
a: no special abilities


You were on level 2 of the Dungeon.
You visited 1 branch of the dungeon, and saw 2 of its levels.

You collected 118 gold pieces.

Inventory:

Jewellery
 h - a ring of protection from cold
Scrolls
 d - 2 scrolls of fog {unknown}
 f - a scroll of noise {unknown}
 g - 3 scrolls of identify {unknown}
Potions
 a - a potion of magic
 b - 3 potions of mutation {unknown}
 c - a potion of curing {unknown}
 e - a potion of flight {unknown}


   Skills:
 + Level 1.3 Fighting
 + Level 2.5 Dodging
 - Level 2.6 Stealth
 + Level 2.4 Spellcasting
 * Level 4.7 Conjurations


You had 6 spell levels left.
You knew the following spells:

 Your Spells              Type           Power      Damage    Failure   Level
a - Magic Dart            Conj           92%        1d7       1%          1

Your spell library contained the following spells:

 Spells                   Type           Power      Damage    Failure   Level
 Searing Ray              Conj           46%        2d6       2%          2
 Dazzling Flash           Conj/Hex       26%        N/A       16%         3
 Fulminant Prism          Conj/Hex       6%         3d7       45%         4
 Iskenderun's Mystic Bla  Conj/Tloc      13%        2d5       45%         4


Dungeon Overview and Level Annotations

Branches:
Dungeon (2/15)

Altars:

Shops:
D:1 *


Innate Abilities, Weirdness & Mutations

You cannot wear most types of armour.
You are amphibious.
You can wear up to eight rings at the same time.
Your skin changes colour to match your surroundings (Stealth+).
Your rubbery body absorbs attacks. (AC +1, EV +1)
((You are camouflaged when in or above water. (Stealth+)))
You have tentacles for arms and can constrict up to eight enemies at once.


Message History

The magic dart hits the gnoll.
You kill the gnoll!
The magic dart hits the gnoll.
The gnoll is moderately wounded.
The gnoll hits you from afar with a +0 spear.
The magic dart hits the gnoll but does no damage.
The gnoll is moderately wounded.
The gnoll hits you from afar with a +0 spear.
The gnoll barely misses you.
Things that are here:
a +0 flail; a gnoll corpse You tentacle-slap the gnoll but do no damage.
You grab the gnoll.
The gnoll is moderately wounded.
You constrict the gnoll. The gnoll hits you with a +0 spear.
You tentacle-slap the gnoll but do no damage.
The gnoll is heavily wounded.
You constrict the gnoll, but do no damage.
The gnoll misses you.
You tentacle-slap the gnoll but do no damage.
Your squeeze misses the gnoll.
The gnoll is heavily wounded.
You constrict the gnoll, but do no damage.
The gnoll hits you with a +0 spear!
You are too injured to fight recklessly!
You tentacle-slap the gnoll but do no damage.
The gnoll is heavily wounded.
You constrict the gnoll, but do no damage.
The gnoll barely misses you.
You tentacle-slap the gnoll but do no damage.
The gnoll is heavily wounded.
You constrict the gnoll. The gnoll hits you with a +0 spear!
* * * LOW HITPOINT WARNING * * *
You tentacle-slap the gnoll but do no damage.
The gnoll is heavily wounded.
You constrict the gnoll. The gnoll misses you.
You tentacle-slap the gnoll but do no damage.
The gnoll is heavily wounded.
You constrict the gnoll. The gnoll hits you with a +0 spear!
You die...

###################
#..@g.............#
#.###############.#
#.# #.# ##'## #.#
#...# #g## #[..# #
#... #...# #.####
##'## #..... #.#
#######g#


You could see a gnoll.

Vanquished Creatures
  2 gnolls (D:2)
  4 bats
  7 endoplasms
  A giant cockroach (D:1)
  5 goblins
  3 hobgoblins (D:1)
  3 jackals (D:1)
  5 kobolds (D:1)
  2 quokkas
  6 ball pythons
  2 frilled lizards (D:1)
  3 rats
43 creatures vanquished.

Notes
Turn   | Place    | Note
-------+----------+-------------------------------------------
     0 | D:1      | jagang the Octopode Conjurer began the quest for the Orb.
     0 | D:1      | Reached XP level 1. HP: 11/11 MP: 3/3
   223 | D:1      | Reached XP level 2. HP: 18/18 MP: 0/5
   485 | D:1      | Found Ninororgh's Assorted Antiques.
   768 | D:1      | Reached XP level 3. HP: 22/22 MP: 4/6
   821 | D:1      | Reached skill level 1 in Fighting
  1396 | D:2      | Identified the +3 leather armour of Responsibility {rElec
                  | rPois Str+3}
  1625 | D:2      | Reached XP level 4. HP: 28/28 MP: 2/7
  1690 | D:2      | Slain by a gnoll

Illustrated notes

Levels and vault maps discovered:
D:1:      sevenhm_arrival_forest_fort_small_6, layout_basic, serial_shops, shop,
          hangedman_abyss_or_decor_lesser_grid
D:2:      layout_basic

Skill      XL: |  1  2  3 |
---------------+----------+-----
Fighting       | 1 |  1.3
Dodging        | |  2.5
Stealth        | |  2.6
Spellcasting   | |  2.4
Conjurations   | |  4.7

Action                     |  1- 3 |  4- 6 || total
---------------------------+-------+-------++-------
  Melee: Unarmed           |    28 |     7 ||    35
         Tentacles         |    11 |       ||    11
         Constrict         |     6 |     1 ||     7
   Cast: Magic Dart        |    77 |     8 ||    85
  Dodge: Dodged            |    23 |     4 ||    27
